 Dungeon Crawl Stone Soup version 0.17.0-15-g6d90897 (webtiles) character file.

25685 Sheev the Nimble (level 12, -2/115 HPs)
             Began as a Minotaur Berserker on Nov 10, 2015.
             Was the Champion of Trog.
             Slain by a white ugly thing (10 damage)
             ... on level 11 of the Dungeon.
             The game lasted 00:54:42 (12039 turns).

Sheev the Nimble (Minotaur Berserker)              Turns: 12039, Time: 00:54:43

Health: -2/115     AC: 26    Str: 22    XL:     12   Next: 91%
Magic:  3/3        EV: 13    Int:  4    God:    Trog [******]
Gold:   945        SH:  0    Dex: 17    Spells: 0 memorised, 11 levels left

rFire  . . .     SeeInvis .     R - +2 eveningstar (antimagic)
rCold  . . .     Clarity  .     v - +1 plate armour {MR+}
rNeg   . . .     SustAt   .     (no shield)
rPois  .         Gourm    .     (helmet restricted)
rElec  .         Spirit   .     U - +0 cloak
rCorr  .         Warding  .     t - +0 pair of gloves
rMut   .         Stasis   .     (no boots)
MR     +....                    (no amulet)
Stlth  ..........               (no ring)
                                (no ring)

@: somewhat resistant to hostile enchantments, extremely unstealthy
A: retaliatory headbutt, horns 2, talons 1, iridescent scales 1, molten scales
2, agile 1, spit poison 1, subdued magic 1
a: Spit Poison, Berserk, Trog's Hand, Brothers in Arms, Burn Spellbooks,
Renounce Religion


You were on level 11 of the Dungeon.
You worshipped Trog.
Trog was exalted by your worship.
You were not hungry.

You visited 1 branch of the dungeon, and saw 11 of its levels.
You also visited: Sewer and Ice Cave.

You collected 1265 gold pieces.
You spent 320 gold pieces at shops.

Inventory:

Hand Weapons
 o - a +3 flail of draining
 x - a +2 dire flail
 O - a +0 flail
 R - a +2 antimagic eveningstar (weapon)
Missiles
 e - 311 stones (quivered)
Armour
 m - a +0 large shield
 s - a +2 chain mail of positive energy
 t - a +0 pair of gloves (worn)
 v - a +1 plate armour of magic resistance (worn)
 H - a +2 animal skin of cold resistance
 N - a +0 troll leather armour
 P - a +1 shield of positive energy
 U - a +0 cloak (worn)
Wands
 a - a wand of flame (47)
 i - a wand of random effects (31)
 y - a wand of frost (33)
 z - a wand of flame (37)
 D - a wand of cold (5)
 F - a wand of polymorph (11)
 G - a wand of confusion (31)
 Q - a wand of digging (20)
 S - a wand of random effects (11)
Scrolls
 b - 6 scrolls of remove curse
 f - 3 scrolls of identify
 h - a scroll of recharging
 l - 10 scrolls of teleportation
 p - a scroll of magic mapping
 r - 3 scrolls of blinking
Potions
 d - a potion of agility
 g - 4 potions of magic
 j - 4 potions of curing
 n - a potion of haste
 w - a potion of might
 A - 2 potions of brilliance
 B - a potion of cancellation
 C - 4 potions of resistance
 E - a potion of invisibility
Comestibles
 c - 6 bread rations
 k - 3 slices of pizza
 u - 4 meat rations
 I - 11 fruits
 J - 7 beef jerkies


   Skills:
 - Level 13.3 Fighting
 + Level 13.2 Maces & Flails
 - Level 11.2 Armour
 - Level 13.4 Dodging


You had 11 spell levels left.
You didn't know any spells.

Dungeon Overview and Level Annotations

Branches:
Dungeon (11/15)            Temple (0/1) D:5            Lair (0/8) D:11
    Orc (0/4) D:11

Altars:
Ashenzari
Dithmenos
Elyvilon
Fedhas
Gozag
Kikubaaqudgha
Makhleb
Nemelex Xobeh
Qazlal
Ru
Sif Muna
Trog
Vehumet
Xom
Yredelemnul
Zin
The Shining One

Shops:
D:4 *   D:7 *   D:8 }


Innate Abilities, Weirdness & Mutations

You reflexively headbutt those who attack you in melee.
You have a pair of horns on your head.
You have sharp toenails.
You are partially covered in iridescent scales (AC +4).
You are mostly covered in molten scales (AC +3, EV -1).
You are agile. (Dex +2)
You can spit weak poison.
Your spells are a little easier to cast, but a little less powerful.


Message History

Unknown command.
There are monsters nearby!
You are too injured to fight recklessly!
Unknown command.
You are too injured to fight recklessly!
There are monsters nearby!
Unknown command.
You are too injured to fight recklessly!
There are monsters nearby!
You are too injured to fight recklessly!
There are monsters nearby!
Unknown command.
You are too injured to fight recklessly!
There are monsters nearby!
Unknown command.
Your deep troll goes berserk!
You feel somewhat more hungry.
The centaur simulacrum hits you but does no damage.
The white ugly thing bites you!
You die...

*####* ************....*
,,,,,,,,,,,,,...########
,,,,,,,,,.,,,,.........# #######
,,,,,,,*,...*,,#.......####......
,,,,,,,*,....#,#..T....'.##..<...
,,,,,,,+,,#....#Z......#.........
,,,,,,,,,,*#..oY@((..((####......
*+*****,,......u.......# #..###.
*,* *,,.########'##### #.##,*#
*,********* #...* #.#,,,. *,,,,,*
###.# ###.##,## *≈***,* *(#
#....###. ≈≈≈**,**** *,#
#........ ≈≈≈,,,,,,*
*****'***#........ ≈≈≈,,,,,,*
*,,,,,,,*#........


You could see a white ugly thing, a yak, a centaur simulacrum, an orc and a
friendly deep troll (berserk).

Vanquished Creatures
  A frost giant (IceCv)
  A hydra (D:11)
  2 death yaks
  A tengu warrior (D:10)
  3 skeletal warriors (D:11)
  The ghost of emiel the Covert, a novice HEAs of Okawaru (D:8)
  2 hill giants (D:10)
  3 ugly things
  A centaur zombie (D:11)
  A cyclops (D:11)
  A manticore (D:10)
  An ice statue (IceCv)
  A komodo dragon (shapeshifter) (D:10)
  4 trolls
  17 polar bears (IceCv)
  A hornet zombie (D:11)
  A two-headed ogre (D:9)
  20 yaks
  3 wyverns
  A shadow (D:11)
  3 hippogriffs
  2 hungry ghosts
  12 wolves
  3 orc warriors
  2 water moccasins
  4 black bears
  5 sky beasts
  2 ogres
  An eye of draining (D:9)
  A necrophage (D:10)
  13 ice beasts
  3 big kobolds
  3 giant frogs
  5 centaurs
  Blork the orc (D:4)
  A wyvern skeleton (D:9)
  3 scorpions
  4 wights (D:6)
  An electric eel (D:11)
  5 crimson imps
  A wyvern simulacrum (D:11)
  A giant frog zombie (D:11)
  A jelly (D:10)
  2 iguanas
  14 orc priests
  6 hounds
  A giant frog skeleton (D:9)
  8 orc wizards
  12 worker ants
  A wasp simulacrum (D:11)
  A hound skeleton (D:5)
  10 gnolls
  2 worker ant zombies
  4 river rats (Sewer)
  8 adders
  2 shadow imps
  4 white imps (D:11)
  3 oozes
  An ufetubus (D:11)
  2 adder zombies
  An adder skeleton (D:4)
  3 worms
  5 giant geckos
  40 orcs
  5 ball pythons
  3 goblins
  4 hobgoblins
  8 jackals
  10 kobolds
  13 bats
  4 giant cockroaches
  4 giant newts
  6 hobgoblin zombies (D:6)
  A jackal zombie (D:9)
  2 kobold skeletons (D:6)
  A kobold zombie (D:6)
  An orc skeleton (D:6)
  An orc zombie (D:6)
  5 quokkas
  A quokka skeleton (D:4)
  10 rats
352 creatures vanquished.

Vanquished Creatures (others)
  A wolf (IceCv)
1 creature vanquished.

Grand Total: 353 creatures vanquished

Notes
Turn   | Place    | Note
--------------------------------------------------------------
     0 | D:1      | Sheev the Minotaur Berserker began the quest for the Orb.
     0 | D:1      | Reached XP level 1. HP: 19/19 MP: 0/0
   153 | D:1      | Reached skill level 4 in Maces & Flails
   286 | D:1      | Reached XP level 2. HP: 26/26 MP: 1/1
   733 | D:2      | Reached skill level 5 in Maces & Flails
   748 | D:2      | Reached XP level 3. HP: 31/31 MP: 2/2
   877 | D:2      | Reached ** piety under Trog
   903 | D:2      | Found a shattered altar of Ashenzari.
  1120 | D:2      | Found a burning altar of Makhleb.
  1122 | D:2      | Reached skill level 6 in Maces & Flails
  1122 | D:2      | Reached XP level 4. HP: 39/39 MP: 3/3
  1417 | D:2      | Found a glowing silver altar of Zin.
  1417 | D:2      | Found a sacrificial altar of Ru.
  1642 | D:3      | Noticed a big kobold
  1660 | D:3      | Killed a big kobold
  1660 | D:3      | Reached skill level 7 in Maces & Flails
  1660 | D:3      | Reached XP level 5. HP: 45/45 MP: 4/4
  2426 | D:4      | Found Qamilaj's Assorted Antiques.
  2518 | D:4      | Found a basalt altar of Yredelemnul.
  2572 | D:4      | Reached skill level 8 in Maces & Flails
  2697 | D:4      | Reached XP level 6. HP: 51/51 MP: 5/5
  2709 | D:4      | Reached *** piety under Trog
  2758 | D:4      | Found a shadowy altar of Dithmenos.
  2788 | D:4      | Reached skill level 9 in Maces & Flails
  3163 | D:4      | Reached XP level 7. HP: 31/57 MP: 6/6
  3425 | D:4      | Noticed an ogre
  3431 | D:4      | Noticed Blork the orc
  3431 | D:4      | Killed an ogre
  3431 | D:4      | Reached skill level 10 in Maces & Flails
  3439 | D:4      | Killed Blork the orc
  3629 | D:4      | Found a deep blue altar of Sif Muna.
  3653 | D:5      | Entered Level 5 of the Dungeon
  3656 | D:5      | Reached **** piety under Trog
  3703 | D:5      | Reached skill level 11 in Maces & Flails
  3760 | D:5      | Found a staircase to the Ecumenical Temple.
  3955 | D:5      | Found a glowing drain.
  3960 | Sewer    | Entered a sewer
  4025 | Sewer    | Reached XP level 8. HP: 65/67 MP: 7/7
  4103 | Sewer    | Reached skill level 5 in Fighting
  4598 | D:6      | Found a glowing golden altar of the Shining One.
  4791 | D:6      | Found a radiant altar of Vehumet.
  4871 | D:6      | Reached ***** piety under Trog
  4914 | D:6      | Found a stormy altar of Qazlal.
  5049 | D:7      | Reached XP level 9. HP: 81/85 MP: 8/8
  5122 | D:7      | Reached skill level 10 in Fighting
  5369 | D:7      | Found a white marble altar of Elyvilon.
  5681 | D:7      | Found an opulent altar of Gozag.
  5685 | D:7      | Found Gozag's Platinum Reserve.
  5789 | D:7      | Found a bloodstained altar of Trog.
  5809 | D:7      | Reached skill level 12 in Fighting
  5819 | D:7      | Gained mutation: You are resistant to hostile enchantments. [mutagenic meat]
  5820 | D:7      | Gained mutation: You are agile. (Dex +2) [mutagenic meat]
  5821 | D:7      | Gained mutation: You are robust (+10% HP). [mutagenic meat]
  5822 | D:7      | Gained mutation: Your body sometimes deteriorates upon taking damage. [mutagenic meat]
  5823 | D:7      | Gained mutation: You have sharp toenails. [mutagenic meat]
  5824 | D:7      | Gained mutation: You are partially covered in molten scales (AC +1). [potion of mutation]
  5824 | D:7      | Lost mutation: You are resistant to hostile enchantments. [potion of mutation]
  5824 | D:7      | Gained mutation: You can spit weak poison. [potion of mutation]
  5825 | D:7      | Gained mutation: You are mostly covered in molten scales (AC +3, EV -1). [potion of mutation]
  5825 | D:7      | Gained mutation: You are partially covered in rough black scales (AC +4, Dex -1). [potion of mutation]
  5826 | D:7      | Gained mutation: You possess an exceptional clarity of mind. [potion of mutation]
  5826 | D:7      | Gained mutation: You can spit poison. [potion of mutation]
  5826 | D:7      | Lost mutation: You possess an exceptional clarity of mind. [potion of mutation]
  6214 | D:8      | Found a sparkling altar of Nemelex Xobeh.
  6251 | D:8      | Found Tunoemod's Quality Used Wands.
  6297 | D:8      | Found a blossoming altar of Fedhas.
  6344 | D:8      | Noticed emiel's ghost (novice HEAs)
  6368 | D:8      | Killed emiel's ghost
  6368 | D:8      | Reached skill level 13 in Fighting
  6627 | D:8      | Reached XP level 10. HP: 111/111 MP: 9/9
  6888 | D:8      | Found Eqesauhi's Food Emporium.
  6895 | D:8      | Bought 4 fruits for 60 gold pieces
  6895 | D:8      | Bought a meat ration for 50 gold pieces
  6895 | D:8      | Bought a slice of pizza for 15 gold pieces
  6895 | D:8      | Bought 2 fruits for 30 gold pieces
  6895 | D:8      | Bought a bread ration for 50 gold pieces
  6895 | D:8      | Bought a beef jerky for 15 gold pieces
  6895 | D:8      | Bought a meat ration for 50 gold pieces
  6895 | D:8      | Bought a meat ration for 50 gold pieces
  7057 | D:9      | Reached skill level 5 in Armour
  7697 | D:10     | Entered Level 10 of the Dungeon
  7844 | D:10     | Noticed a tengu warrior
  7846 | D:10     | Noticed a manticore
  7861 | D:10     | Killed a manticore
  7866 | D:10     | Killed a tengu warrior
  7866 | D:10     | Reached skill level 10 in Armour
  7902 | D:10     | Found an ancient bone altar of Kikubaaqudgha.
  7926 | D:10     | Noticed a red ugly thing
  7935 | D:10     | Noticed a hill giant
  7960 | D:10     | Killed a red ugly thing
  7967 | D:10     | Killed a hill giant
  7967 | D:10     | Reached XP level 11. HP: 59/117 MP: 10/10
  8234 | D:10     | Noticed a hill giant
  8245 | D:10     | Killed a hill giant
  8318 | D:10     | Reached skill level 5 in Dodging
  8464 | D:10     | Lost mutation: You can spit poison. [mutagenic meat]
  8465 | D:10     | Gained mutation: You can translocate small distances at will. [mutagenic meat]
  8466 | D:10     | Gained mutation: Your spells are a little easier to cast, but a little less powerful. [mutagenic meat]
  8536 | D:10     | Found a shimmering altar of Xom.
  8536 | D:10     | Found a burning altar of Makhleb.
  8636 | D:10     | Received a gift from Trog
  8689 | D:10     | Lost mutation: Your body sometimes deteriorates upon taking damage. [potion of cure mutation]
  8689 | D:10     | Lost mutation: You are partially covered in rough black scales (AC +4, Dex -1). [potion of cure mutation]
  8689 | D:10     | Lost mutation: You are agile. (Dex +2) [potion of cure mutation]
  8689 | D:10     | Lost mutation: You can translocate small distances at will. [potion of cure mutation]
  8689 | D:10     | Lost mutation: You are robust (+10% HP). [potion of cure mutation]
  8690 | D:10     | Gained mutation: You are partially covered in iridescent scales (AC +4). [potion of beneficial mutation]
  8691 | D:10     | Gained mutation: You are agile. (Dex +2) [potion of beneficial mutation]
  8975 | D:11     | Noticed a death yak
  8987 | D:11     | Killed a death yak
  9393 | D:11     | Found a frozen archway.
  9448 | IceCv    | Entered an ice cave
  9978 | IceCv    | Reached skill level 10 in Dodging
 10265 | IceCv    | Reached XP level 12. HP: 91/115 MP: 3/11
 10642 | IceCv    | Noticed a frost giant
 10642 | IceCv    | Noticed a death yak
 10657 | IceCv    | Killed a death yak
 10663 | IceCv    | Killed a frost giant
 10663 | IceCv    | Reached ****** piety under Trog
 11408 | D:11     | Noticed a skeletal warrior
 11408 | D:11     | Noticed a skeletal warrior
 11410 | D:11     | Noticed a skeletal warrior
 11424 | D:11     | Killed a skeletal warrior
 11437 | D:11     | Killed a skeletal warrior
 11441 | D:11     | HP: 3/115 [crimson imp/trident (3)]
 11449 | D:11     | Killed a skeletal warrior
 11815 | D:11     | Found a staircase to the Orcish Mines.
 11909 | D:11     | Noticed an eight-headed hydra
 11915 | D:11     | Killed an eight-headed hydra
 12039 | D:11     | Slain by a white ugly thing

Action                   |  1- 3 |  4- 6 |  7- 9 | 10-12 || total
-------------------------+-------+-------+-------+-------++-------
Melee: Mace              |    47 |   137 |    18 |       ||   202
       Flail             |       |       |   176 |       ||   176
       Dire flail        |       |       |   174 |   181 ||   355
       Eveningstar       |       |       |       |   399 ||   399
Invok: Berserk           |       |     1 |       |     1 ||     2
       Burn Spellbooks   |       |       |     1 |     1 ||     2
       Brothers in Arms  |       |       |       |     1 ||     1
Evoke: Wand              |       |       |     3 |       ||     3
  Use: Potion            |     4 |     4 |     3 |     5 ||    16
       Scroll            |       |     2 |     2 |    16 ||    20
 Stab: Distracted        |       |       |       |     1 ||     1
  Eat: Chunk             |     1 |     7 |    19 |    10 ||    37
       Bread ration      |       |       |       |     3 ||     3
